 Dungeon Crawl Stone Soup version 0.29-a0-360-g8ed1089bbe (webtiles) character file.

Game seed: 11748266601389507996

81 zeratav the Shooter (level 4, -5/26 HPs)
             Began as a Tengu Hunter on Apr 28, 2022.
             Slain by a black bear (6 damage)
             ... on level 4 of the Dungeon.
             The game lasted 00:04:49 (2559 turns).

zeratav the Shooter (Tengu Hunter)                  Turns: 2559, Time: 00:04:50

Health: -5/26      AC:  5    Str: 11    XL:     4   Next: 42%
Magic:  5/5        EV: 12    Int: 10    God:
Gold:   231        SH:  0    Dex: 19    Spells: 3/3 levels left

rFire   . . .      SeeInvis .   a - +1 shortbow {bow}
rCold   . . .      Faith    .   (shield currently unavailable)
rNeg    . . .      Spirit   .   b - +0 leather armour
rPois   .          Reflect  .   (helmet restricted)
rElec   .          Harm     .   n - +0 cloak
rCorr   .          Rampage  .   k - +0 pair of gloves
Will    .....                   (boots unavailable)
Stlth   ++........              (no amulet)
HPRegen 0.08/turn               (no ring)
MPRegen 0.09/turn               (no ring)

@: no status effects
A: beak, talons 3
a: no special abilities


You were on level 4 of the Dungeon.
You visited 1 branch of the dungeon, and saw 4 of its levels.

You collected 231 gold pieces.


Innate Abilities, Weirdness & Mutations

You have a beak for a mouth.
You have claws for feet.


   Skills:
 - Level 2.0 Fighting
 + Level 6.2 Bows
 + Level 0.5 Armour
 - Level 2.1 Dodging
 - Level 1.0 Stealth


You had 3 spell levels left.
You didn't know any spells.
Your spell library was empty.

Inventory:

Hand Weapons
 a - a +1 shortbow (weapon) {bow}
Armour
 b - a +0 leather armour (worn)
 j - the +1 scale mail of Proximity {Regen+ Dex+4}
   (You found it on level 2 of the Dungeon)

   Dex:       It affects your dexterity (+4).
   Regen:     It increases your rate of health regeneration.
 k - a +0 pair of gloves (worn)
   (You found it on level 2 of the Dungeon)
 n - a +0 cloak (worn)
   (You found it on level 2 of the Dungeon)
Jewellery
 l - an amulet of regeneration {@e2}
   (You took it off a goblin on level 2 of the Dungeon)
Wands
 i - a wand of paralysis (4)
   (You found it on level 2 of the Dungeon)
Scrolls
 c - 3 scrolls of immolation {!r!r}
 m - a scroll of enchant armour {unknown}
 o - 2 scrolls of teleportation {unknown}
 p - a scroll of fear {unknown}
 q - a scroll of identify {unknown}
 s - a scroll of torment {unknown}
 u - a scroll of enchant weapon {unknown}
Potions
 d - 2 potions of magic {unknown}
 e - a potion of haste {unknown}
 f - a potion of ambrosia {unknown}
 g - a potion of lignification {unknown}
 h - a potion of mutation {unknown}
 r - a potion of attraction {unknown}

Dungeon Overview and Level Annotations

Branches:
Dungeon (4/15)
 Temple: D:4-7

Altars:
Wu Jian

##########
####.........
#............
#.##.########
#@##.#####
#h##.....#
##.######.#
#...#####.#
#.#.....#.#
#.......#.#####..
###.)...<........
#.....#.######.
#.....#.#


You could see a black bear (berserk).


Message History

You shoot an arrow. The arrow hits the orc!
You kill the orc!
No target in view!
No target in view!
Things that are here:
a +0 trident {polearm}; an orc corpse
o - 2 scrolls labelled NAHUHA ICOI (gained 1)
u - a scroll labelled MERENO BAEGUCW
Found a stone staircase leading up.
There is a stone staircase leading down here.
Found an ornate altar of the Wu Jian Council.
There is an open door here.
There is an open door here.
There is a stone staircase leading down here.
There is a stone staircase leading down here.
There is a stone staircase leading down here.
Partly explored, can't reach some places.
No target in view!
No target in view!
No target in view!
Partly explored, can't reach some places.
Partly explored, can't reach some places.
You drop a +0 ring mail.
(D) Dungeon
Where to? (Enter - D:3, ? - help)
There is a stone staircase leading down here.
You climb downwards.
There is a stone staircase leading up here.
An orc comes into view. It is wielding a +0 whip.
You shoot an arrow.
The arrow hits the orc but does no damage.
The orc shouts!
You hear a shout!
You shoot an arrow. The arrow hits the orc.
An orc comes into view. It is wielding a +0 dagger.
You shoot an arrow. The arrow hits the orc.
You kill the orc!
You shoot an arrow. The arrow barely misses the orc.
You shoot an arrow. The arrow hits the orc.
An endoplasm comes into view.
You shoot an arrow. The arrow barely misses the orc.
You shoot an arrow. The arrow barely misses the orc.
An orc comes into view. It is wielding a +0 club.
You shoot an arrow. The orc shouts!
The arrow hits the orc!
You kill the orc!
You shoot an arrow. The arrow hits the endoplasm.
You shoot an arrow. The arrow hits the endoplasm!
You kill the endoplasm!
You shoot an arrow.
The arrow hits the orc but does no damage.
You shoot an arrow. The arrow closely misses the orc.
You shoot an arrow. The arrow barely misses the orc.
The orc hits you but does no damage. The orc completely misses you.
You shoot an arrow.
The arrow hits the orc but does no damage.
The orc hits you with a +0 club.
HP[-3]
You take 3 damage, and now have 23/26 hp.
You shoot an arrow. The arrow hits the orc.
The orc barely misses you.
You shoot an arrow. The arrow barely misses the orc.
The orc hits you with a +0 club.
HP[-2]
You take 2 damage, and now have 21/26 hp.
You shoot an arrow. The arrow hits the orc.
You kill the orc!
No target in view!
A black bear comes into view.
HP[+2]
You regained 2 hp, and now have 23/26 hp.
A black bear is nearby!
You shoot an arrow. The black bear growls angrily.
The arrow hits the black bear.
You shoot an arrow. The arrow barely misses the black bear.
You shoot an arrow. The arrow hits the black bear!
You shoot an arrow. The arrow hits the black bear!
The black bear goes berserk!
HP[+1]
You shoot an arrow. The arrow hits the black bear.
The black bear rages.
You shoot an arrow. The arrow barely misses the black bear.
The black bear bites you! The black bear claws you.
* * * LOW HITPOINT WARNING * * *
The black bear claws you.
* * * LOW HITPOINT WARNING * * *
The black bear barely misses you. The black bear misses you.
The black bear claws you but does no damage.
HP[-18]
You take 18 damage, and now have 6/26 hp.
MASSIVE DAMAGE!! (PAUSE)
You are too injured to fight recklessly!
Shoot: a) +1 shortbow {bow}
Press: ? - help, Shift-Dir - straight line, f/p - black bear
Aim: a black bear (severely wounded, berserk, 72% to hit)
You shoot an arrow. The arrow barely misses the black bear.
The black bear bites you.
* * * LOW HITPOINT WARNING * * *
The black bear misses you. The black bear claws you.
You die...

Skill      XL: |  1  2  3 |
---------------+----------+-----
Bows           | 5 6 |  6.2
Fighting       | |  2.0
Armour         | |  0.5
Dodging        | |  2.1
Stealth        | |  1.0

Action                   |  1- 3 |  4- 6 || total
-------------------------+-------+-------++-------
 Fire: Shortbow          |    80 |    44 ||   124
Armor: Leather armour    |    12 |     3 ||    15
Dodge: Dodged            |    17 |     7 ||    24

Levels and vault maps discovered:
D:1:      dpeg_arrival_pits, layout_basic,
          hellmonk_ecumenical_altar_arch_garden, minmay_misc_feat_five
D:2:      layout_basic, minmay_indecisive_spiral
D:3:      layout_basic, nicolae_wu_jian_glorious_leap, chequers_avenue,
          minmay_misc_feat_enclosed, amcnicky_mini_rare_corridor_liquid
D:4:      layout_loops_ring, elyvilon_altar_3

Notes
Turn   | Place    | Note
-------+----------+-------------------------------------------
     0 | D:1      | zeratav the Tengu Hunter began the quest for the Orb.
     0 | D:1      | Reached XP level 1. HP: 12/12 MP: 2/2
     0 | D:1      | magus.rc [v1.9.6]
    83 | D:1      | Reached XP level 2. HP: 17/17 MP: 3/3
    93 | D:1      | You fall into a shaft and drop 1 floor!
   394 | D:2      | Reached skill level 5 in Bows
   403 | D:2      | Reached XP level 3. HP: 7/21 MP: 4/4
   403 | D:2      | HP: 4/21 [goblin/+0 dagger (3)]
   802 | D:1      | Found a faded altar of an unknown god.
  1262 | D:2      | Identified the +1 scale mail of Proximity {Regen+ Dex+4}
  1608 | D:3      | Reached skill level 6 in Bows
  1636 | D:3      | Reached XP level 4. HP: 26/26 MP: 5/5
  2334 | D:3      | Found an ornate altar of the Wu Jian Council.
  2547 | D:4      | Noticed a black bear
  2558 | D:4      | HP: 6/26 [black bear (2)]
  2559 | D:4      | HP: 1/26 [black bear (5)]
  2559 | D:4      | Slain by a black bear

Vanquished Creatures
  3 adders
  5 orcs
  3 ball pythons
  6 bats
  5 endoplasms
  A giant cockroach (D:3)
  2 hobgoblins (D:3)
  A jackal (D:2)
  5 kobolds
  2 quokkas
  A frilled lizard (D:1)
  7 goblins
  5 rats (D:1)
46 creatures vanquished.

Table legend:
 A = Non-vault XP
 B = Vault XP
 C = Vault XP percentage of total XP
 D = Non-vault monster count
 E = Vault monster count
 F = Vault count percentage of total count
                 A         B        C        D         E       F
            +---------+---------+-------+---------+---------+-------
      Total |      97 |      20 |  17.1 |      42 |       4 |   8.7
            +---------+---------+-------+---------+---------+-------
        D:1 |      32 |       0 |   0.0 |      20 |       0 |   0.0
        D:2 |       7 |      20 |  74.1 |       4 |       4 |  50.0
        D:3 |      47 |       0 |   0.0 |      14 |       0 |   0.0
        D:4 |      11 |       0 |   0.0 |       4 |       0 |   0.0
            +---------+---------+-------+---------+---------+-------

Illustrated notes

Table legend:
 A = Kills in this place as a percentage of kills in entire the game.
 B = Kills by you in this place as a percentage of kills by you in the entire game.
 C = Kills by friends in this place as a percentage of kills by friends in the entire game.
 D = Other kills in this place as a percentage of other kills in the entire game.
 E = Experience gained in this place as a percentage of experience gained in the entire game.
 F = Experience gained in this place divided by the number of levels of this place that you have seen.
                   A       B       C       D       E      F
               +-------+-------+-------+-------+-------+----------------------
         Total | 100.0 | 100.0 |   N/A |   N/A | 100.0 |  29.2
       Dungeon | 100.0 | 100.0 |   N/A |   N/A | 100.0 |  29.2
               +-------+-------+-------+-------+-------+----------------------

Table legend: (Time is in decaauts)
 A = Elapsed time spent in this place.
 B = Non-inter-level travel time spent in this place.
 C = Inter-level travel time spent in this place.
 D = Time resting spent in this place.
 E = Time spent auto-exploring this place.
 F = Levels seen in this place.
 G = Mean time per level.
                   A        B        C        D        E       F      G
               +--------+--------+--------+--------+--------+-----+--------+
         Total |   2590 |   2521 |     69 |    236 |   2026 |   4 |  647.5 |
       Dungeon |   2590 |   2521 |     69 |    236 |   2026 |   4 |  647.5 |
               +--------+--------+--------+--------+--------+-----+--------+

Top non-repeatable levels by time:
     D:3: 1036 daAuts
     D:2: 919 daAuts
     D:1: 553 daAuts
     D:4: 81 daAuts
